 Dungeon Crawl Stone Soup version 0.30-a0-782-ge64f9170bb (webtiles) character file.

Game seed: 15131186533347233301

375 kae the Shield-Bearer (level 7, -1/55 HPs)
             Began as a Formicid Fighter on Mar 16, 2023.
             Constricted to death by Grinder (5 damage)
             ... on level 3 of the Dungeon.
             The game lasted 00:02:34 (2087 turns).

kae the Shield-Bearer (Formicid Fighter)            Turns: 2087, Time: 00:02:36

Health: -1/55      AC:  8    Str: 22    XL:     7   Next: 3%
Magic:  7/7        EV:  6    Int:  8    God:
Gold:   118        SH:  6    Dex: 13    Spells: 6/6 levels left

rFire   . . .      SeeInvis +    a - +1 long sword
rCold   . . .      Faith    .    c - +1 buckler
rNeg    . . .      Spirit   .    b - +1 scale mail
rPois   .          Reflect  .    (helmet unavailable)
rElec   .          Harm     .    (no cloak)
rCorr   .          Rampage  .    (no gloves)
Will    .....                    (no boots) Stlth
                                 (no amulet)
HPRegen 0.00/turn                (no ring)
MPRegen 0.10/turn                (no ring)

@: mighty, grasped by roots, inhibited regen, constricted
A: permanent stasis, dig shafts and tunnels, antennae 3, four strong arms,
inhibited regeneration
a: Dig, Shaft Self


You were on level 3 of the Dungeon.
You visited 1 branch of the dungeon, and saw 3 of its levels.

You collected 118 gold pieces.


Innate Abilities, Weirdness & Mutations

You cannot be hasted, slowed, berserked, paralysed or teleported.
You can dig through walls and to a lower floor.
You have a pair of large antennae on your head. (SInv)
Your four strong arms can wield two-handed weapons with a shield.
You do not regenerate when monsters are visible.


   Skills:
 + Level 4.6 Fighting
 * Level 4.6 Long Blades
 + Level 4.6 Armour
 + Level 5.5 Shields


You had 6 spell levels left.
You didn't know any spells.
Your spell library was empty.

Inventory:

Hand Weapons
 a - a +1 long sword (weapon)
Missiles
 e - 21 stones
Armour
 b - a +1 scale mail (worn)
 c - a +1 buckler (worn)
Potions
 g - a potion of flight
 i - a potion of mutation {!q}
 k - a potion of degeneration {!q}

Dungeon Overview and Level Annotations

Branches:
Dungeon (3/15) Zot: 15843

Altars:

Shops:
D:2 (

Annotations:
D:3 Grinder

#. #......##. .#
#.5....##. .. # .#
#.#######.###. #. ##.###
#)##.......##. #. . ..#
#.##.####.?... $#..#.#.#
#.##.#####.##.
......#.###.......##.##.
#...5....#..##.##.##.
#.##@###.............
#.# #...##########
#....†.# ###.## #
.....#### #.<.# ## ....
#...# #. ... #...# #. #.
#...###### #. .
#........####
#######...####.....


You could see Grinder.


Message History

The stone hits you but does no damage.
Grinder zaps a wand.
The roots erupt in riotous growth!
The gnoll is unaffected.
The kobold is unaffected.
The grasping roots grab you!
The gnoll is unaffected.
The grasping roots constrict you.
* * * LOW HITPOINT WARNING * * *
The gnoll hits you but does no damage.
The hobgoblin hits you but does no damage.
You hear a shout!
You feel better. The grasping roots constrict you.
* * * LOW HITPOINT WARNING * * *
The gnoll hits you but does no damage.
The hobgoblin hits you but does no damage.
The grasping roots release their grip on you. 😱 HP[+1]
You feel very mighty all of a sudden. The gnoll barely misses you.
Grinder blinks!
The hobgoblin hits you but does no damage.
You closely miss the hobgoblin.
The hobgoblin hits you but does no damage.
You block the gnoll's attack.
You slash the hobgoblin!
You kill the hobgoblin!
The gnoll hits you but does no damage.
The ball python bites you but does no damage.
The ball python grabs you. The ball python constricts you.
You slash the ball python!
You kill the ball python!
You block the gnoll's attack.
You cannot move.
You slash the gnoll! You block the gnoll's attack.
You slash the gnoll!
You kill the gnoll!
You block the kobold's attack.
You have reached level 7! 😱 HP[+2] MP[+1]
You now have 82 max hp (+9).
You regained 2 hp, and now have 18/82 hp.
Your mp is fully restored (7).
You hit the kobold.
You kill the kobold!
Grinder blinks!
You completely miss the gnoll. The gnoll hits you with a +0 club.
* * * LOW HITPOINT WARNING * * *
😱 HP[-2]
You take 2 damage, and now have 16/82 hp.
You completely miss the gnoll.
Your transformation is almost over.
You block the gnoll's attack.
You feel better. You block the gnoll's attack. 😨 HP[+10]
You regained 10 hp, and now have 26/82 hp.
You slash the gnoll! You block the gnoll's attack.
You closely miss the gnoll. You block the gnoll's attack.
The gnoll hits you but does no damage.
Grinder blinks!
You slash the gnoll!
You kill the gnoll!
The kobold throws a stone.
The stone hits you but does no damage.
You cannot move.
You cannot move.
The kobold throws a stone.
You block the stone.
You cannot move.
You closely miss the kobold.
You feel less wooden.
Your +1 scale mail unmelds from your body.
The kobold hits you but does no damage. 😨 HP[-9]
You now have 55 max hp (-27).
You miss the kobold. The kobold closely misses you.
You slash the kobold!
You kill the kobold!
Grinder gestures at you.
You struggle to resist.
Grinder closely misses you.
Items here: ( ))))) †††.
You hit Grinder. Grinder hits you!
* * * LOW HITPOINT WARNING * * *
You writhe in agony.
* * * LOW HITPOINT WARNING * * *
Grinder gestures at you. Pain shoots through your body!
* * * LOW HITPOINT WARNING * * *
😱 HP[-14]
You take 14 damage, and now have 3/55 hp.
MASSIVE DAMAGE!! (PAUSE)
You feel better.
Grinder zaps a wand.
The roots erupt in riotous growth!
The grasping roots grab you!
Grinder is unaffected.
The grasping roots constrict you.
* * * LOW HITPOINT WARNING * * *
You hear a shout!
You barely miss Grinder. Grinder gestures at you.
You struggle to resist.
The grasping roots constrict you.
You die...

Skill      XL: |  1  2  3  4  5 |
---------------+----------------+-----
Long Blades    | 3 4 |  4.6
Fighting       | 4 |  4.6
Armour         | 4 |  4.6
Shields        | 5 |  5.5

Action                     |  1- 3 |  4- 6 |  7- 9 || total
---------------------------+-------+-------+-------++-------
  Melee: Long sword        |   104 |   132 |    11 ||   247
    Use: Scroll            |     5 |     3 |       ||     8
         Potion            |       |    12 |     2 ||    14
 Armour: Scale mail        |    50 |    31 |     1 ||    82
         Skin              |       |    15 |     2 ||    17
  Dodge: Dodged            |    39 |    47 |     2 ||    88
  Block: Buckler           |    36 |    37 |     5 ||    78

Levels and vault maps discovered:
D:1:      dpeg_arrival_fog, layout_loops_ring
D:2:      layout_basic, chequers_ecumenical_altar_simple_redux, serial_shops,
          nicolae_shop_temple_entry_statues_fountains, uniq_terence
D:3:      layout_loops_cross, mainiacjoe_overflow_concentric_impassable,
          uniq_grinder, uniq_natasha, uniq_sigmund

Notes
Turn   | Place    | Note
-------+----------+-------------------------------------------
     0 | D:1      | kae the Formicid Fighter began the quest for the Orb.
     0 | D:1      | Reached XP level 1. HP: 18/18 MP: 1/1
     0 | D:1      | magus.rc [v1.11.3]
   157 | D:1      | Reached XP level 2. HP: 21/24 MP: 2/2
   526 | D:1      | Reached XP level 3. HP: 29/29 MP: 3/3
  1037 | D:2      | Reached XP level 4. HP: 28/37 MP: 4/4
  1142 | D:2      | Found a faded altar of an unknown god.
  1223 | D:2      | Noticed Terence
  1246 | D:2      | Gained mutation: You do not regenerate when monsters are
                  | visible. [potion of mutation]
  1254 | D:2      | Killed Terence
  1255 | D:2      | Reached skill level 3 in Long Blades
  1505 | D:2      | Found Jepir's Antique Weapon Shop.
  1608 | D:3      | Noticed Natasha
  1620 | D:3      | Killed Natasha
  1621 | D:3      | Reached skill level 4 in Fighting
  1621 | D:3      | Reached skill level 4 in Armour
  1621 | D:3      | Reached XP level 5. HP: 31/42 MP: 5/5
  1713 | D:3      | Noticed Sigmund
  1730 | D:3      | HP: 8/42 [Sigmund/puff of flame (6)]
  1732 | D:3      | Killed Sigmund
  1733 | D:3      | Reached skill level 4 in Long Blades
  1733 | D:3      | Reached skill level 5 in Shields
  1733 | D:3      | Reached XP level 6. HP: 10/49 MP: 6/6
  2028 | D:3      | Noticed Natasha
  2036 | D:3      | Noticed Grinder
  2038 | D:3      | Killed Natasha
  2042 | D:3      | Noticed Natasha
  2057 | D:3      | HP: 18/73 [Natasha/magic dart (10)]
  2064 | D:3      | Killed Natasha
  2064 | D:3      | HP: 12/73 [constriction (3)]
  2072 | D:3      | Reached XP level 7. HP: 18/55 MP: 7/7
  2073 | D:3      | HP: 16/82 [gnoll/+0 club (2)]
  2085 | D:3      | HP: 10/55 [Grinder (7)]
  2085 | D:3      | HP: 3/55 [Grinder/nerve-wracking pain (2)]
  2087 | D:3      | Constricted to death by Grinder

Vanquished Creatures
  Sigmund (D:3)
  Natasha (thrice) (D:3)
  Terence (D:2)
  2 adders
  4 gnolls (D:3)
  A worm (D:2)
  3 dart slugs
  3 bats
  5 endoplasms
  4 giant cockroaches
  4 goblins
  10 hobgoblins
  8 kobolds
  3 quokkas (D:2)
  4 ball pythons
  4 frilled lizards
  4 rats
64 creatures vanquished.

Table legend:
 A = Non-vault XP
 B = Vault XP
 C = Vault XP percentage of total XP
 D = Non-vault monster count
 E = Vault monster count
 F = Vault count percentage of total count
                 A         B        C        D         E       F
            +---------+---------+-------+---------+---------+-------
      Total |     250 |     286 |  53.4 |      61 |       3 |   4.7
            +---------+---------+-------+---------+---------+-------
        D:1 |      37 |       0 |   0.0 |      20 |       0 |   0.0
        D:2 |      60 |      36 |  37.5 |      26 |       1 |   3.7
        D:3 |     153 |     250 |  62.0 |      15 |       2 |  11.8
            +---------+---------+-------+---------+---------+-------

Illustrated notes

Table legend:
 A = Kills in this place as a percentage of kills in entire the game.
 B = Kills by you in this place as a percentage of kills by you in the entire game.
 C = Kills by friends in this place as a percentage of kills by friends in the entire game.
 D = Other kills in this place as a percentage of other kills in the entire game.
 E = Experience gained in this place as a percentage of experience gained in the entire game.
 F = Experience gained in this place divided by the number of levels of this place that you have seen.
                   A       B       C       D       E      F
               +-------+-------+-------+-------+-------+----------------------
         Total | 100.0 | 100.0 |   N/A |   N/A | 100.0 | 178.7
       Dungeon | 100.0 | 100.0 |   N/A |   N/A | 100.0 | 178.7
               +-------+-------+-------+-------+-------+----------------------

Table legend: (Time is in decaauts)
 A = Elapsed time spent in this place.
 B = Non-inter-level travel time spent in this place.
 C = Inter-level travel time spent in this place.
 D = Time resting spent in this place.
 E = Time spent auto-exploring this place.
 F = Levels seen in this place.
 G = Mean time per level.
                   A        B        C        D        E       F      G
               +--------+--------+--------+--------+--------+-----+--------+
         Total |   2155 |   2127 |     28 |     52 |   1523 |   3 |  718.3 |
       Dungeon |   2155 |   2127 |     28 |     52 |   1523 |   3 |  718.3 |
               +--------+--------+--------+--------+--------+-----+--------+

Top non-repeatable levels by time:
     D:2: 981 daAuts
     D:1: 790 daAuts
     D:3: 382 daAuts
